 Dungeon Crawl Stone Soup version 0.30-a0-777-ga9a30cbeda (webtiles) character file.

Game seed: 10087768860037195306

17 Crownlay the Grave Robber (level 2, -2/19 HPs)
             Began as a Demonspawn Necromancer on Feb 13, 2023.
             Slain by a quokka (4 damage)
             ... on level 1 of the Dungeon.
             The game lasted 00:00:41 (422 turns).

Crownlay the Grave Robber (Demonspawn Necromancer)   Turns: 422, Time: 00:00:41

Health: -2/19      AC:  2    Str:  8    XL:     2   Next: 44%
Magic:  1/5        EV: 12    Int: 16    God:
Gold:   29         SH:  0    Dex: 13    Spells: 5/6 levels left

rFire   . . .      SeeInvis .    e - +0 whip
rCold   . . .      Faith    .    (no shield)
rNeg    . . .      Spirit   .    a - +0 robe
rPois   .          Reflect  .    (no helmet)
rElec   .          Harm     .    (no cloak)
rCorr   .          Rampage  .    (no gloves)
Will    .....                    (no boots)
Stlth   ++                       (no amulet)
HPRegen 0.23/turn                (no ring)
MPRegen 0.09/turn                (no ring)

@: no status effects
A: weakness stinger 1
a: no special abilities


You were on level 1 of the Dungeon.
You visited 1 branch of the dungeon, and saw 1 of its levels.

You collected 29 gold pieces.

Inventory:

Hand Weapons
 e - a +0 whip (weapon)
Armour
 a - a +0 robe (worn)
Scrolls
 d - a scroll of brand weapon {unknown}
Potions
 b - a potion of magic
 c - a potion of haste {unknown}


   Skills:
 - Level 1.7 Dodging
 - Level 1.7 Stealth
 * Level 2.7 Spellcasting
 + Level 4.6 Necromancy


You had 5 spell levels left.
You knew the following spells:

 Your Spells              Type           Power      Damage    Failure   Level
a - Necrotise             Necr           68%        1d7       2%          1

Your spell library contained the following spells:

 Spells                   Type           Power      Damage    Failure   Level
 Vampiric Draining        Necr           17%        2d7       9%          3
 Animate Dead             Necr           17%        N/A       28%         4
 Agony                    Necr           17%        N/A       61%         5


Dungeon Overview and Level Annotations

Branches:
Dungeon (1/15)

Altars:


Innate Abilities, Weirdness & Mutations

You have a small tail.


Message History

Your goblin skeleton misses the quokka.
Your ball python skeleton bites the hobgoblin but does no damage.
Your ball python skeleton constricts the hobgoblin.
The quokka bites your ball python skeleton.
Your ball python skeleton is destroyed!
The hobgoblin hits you.
You are too injured to fight recklessly!
You are too injured to fight recklessly!
You hit the hobgoblin.
The hobgoblin is heavily wounded.
Your goblin skeleton closely misses the quokka.
The hobgoblin hits you.
You hit the hobgoblin.
Your tail-slap misses the hobgoblin.
The hobgoblin is severely wounded.
The quokka closely misses you.
Your goblin skeleton hits the hobgoblin but does no damage.
The hobgoblin barely misses you.
Casting: Necrotise (safe; 2% risk of failure)
Confirm with . or Enter, or press ? or * to list all spells.
Aiming: Necrotise (safe; 2% risk of failure)
Press: ? - help, Shift-Dir - straight line, f - quokka
Aim: a quokka (ally target, chance to affect: 87%)
The quokka writhes in agony.
The quokka misses you.
Your goblin skeleton hits the hobgoblin.
The hobgoblin hits you. The quokka closely misses you.
The hobgoblin completely misses you.
Your goblin skeleton barely misses the quokka.
You see here a +0 club.
The quokka attacks as you move away! The quokka barely misses you.
The hobgoblin hits your goblin skeleton.
Your goblin skeleton is destroyed!
The quokka bites you but does no damage.
The quokka attacks as you move away! The quokka bites you.
* * * LOW HITPOINT WARNING * * *
You barely miss the quokka. The quokka bites you.
* * * LOW HITPOINT WARNING * * *
You barely miss the quokka. You tail-slap the quokka.
The quokka is heavily wounded.
The quokka bites you.
You die...

### #.........# .. #.........#[
###.###.##...#$...
###..........)...### ..
#......##.##........
..##.#.#..##.##).#.####
............##..# # #
#.......#####..#.#
#.#.........@rg....#
##.#.......#####..###
#............# #..##
#..#.......#.# #...#
#..........#.# ##..#
#..........#.# #..#
#......#####.# #..#
#...#.....###.####..###########
#......###......................


You could see a quokka and a hobgoblin.

Vanquished Creatures
  2 dart slugs (D:1)
  A giant cockroach (D:1)
  2 goblins (D:1)
  2 jackals (D:1)
  A kobold (D:1)
  2 ball pythons (D:1)
  2 bats (D:1)
  A frilled lizard (D:1)
13 creatures vanquished.

Notes
Turn   | Place    | Note
-------+----------+-------------------------------------------
     0 | D:1      | Crownlay the Demonspawn Necromancer began the quest for the
                  | Orb.
     0 | D:1      | Reached XP level 1. HP: 13/13 MP: 3/3
   219 | D:1      | Gained mutation: You have a small tail. [demonic ancestry]
   219 | D:1      | Reached XP level 2. HP: 15/19 MP: 1/5
   422 | D:1      | Slain by a quokka

Illustrated notes

Levels and vault maps discovered:
D:1:      saegor_arrival_simple_e, layout_loops_ring, minmay_tromino_i4

Action                     || total
---------------------------++-------
  Melee: Whip              ||    20
         Tailslap          ||     1
   Cast: Necrotise         ||    19
 Armour: Robe              ||     5
  Dodge: Dodged            ||    26

Table legend: (Time is in decaauts)
 A = Elapsed time spent in this place.
 B = Non-inter-level travel time spent in this place.
 C = Inter-level travel time spent in this place.
 D = Time resting spent in this place.
 E = Time spent auto-exploring this place.
 F = Levels seen in this place.
 G = Mean time per level.
                   A        B        C        D        E       F      G
               +--------+--------+--------+--------+--------+-----+--------+
         Total |    423 |    423 |      0 |      0 |    348 |   1 |  423.0 |
       Dungeon |    423 |    423 |      0 |      0 |    348 |   1 |  423.0 |
               +--------+--------+--------+--------+--------+-----+--------+

Top non-repeatable levels by time:
     D:1: 423 daAuts
